Map: Buried Caverns

Players

Cthulhu

  • Race: Protoss Protoss
  • Spawn Location: 9:00

Throwfordays

  • Race: Protoss Protoss
  • League: Silver
  • Spawn Location: 7:00

Faust

  • Race: Zerg Zerg
  • League: Diamond
  • Spawn Location: 9:00

conmartist - Winner!

  • Race: Protoss Protoss
  • League: Bronze
  • Spawn Location: 3:00

RLI - Winner!

  • Race: Terran Terran
  • League: Diamond
  • Spawn Location: 5:00

booyachaka - Winner!

  • Race: Protoss Protoss
  • League: Diamond
  • Spawn Location: 3:00

VOD

Have the link to the VOD?

Description

Time

  • Played on: March 29, 2019, 10:57 p.m.
  • Length: 10:39
Show
View Real Time Build Order
Export as new Build Order

Cthulhu Protoss 

Build Orders:  

Get SALT Encoding   

  12  0:00  Probe  
  13  0:08  Probe  
  14  0:20  Pylon  
  14  0:22  Probe  
  15  0:40  Gateway  
  15  0:42  Probe  
  16  0:54  Pylon, Probe  
  17  1:03  Assimilator  
  17  1:14  Probe  
  18  1:27  Zealot  
  18  1:31  Probe  
  18  1:32  Cybernetics Core  
  20  1:33  Pylon  
  20  1:39  Probe  
  22  1:55  Pylon  
  22  2:01  Forge  
  22  2:09  Warp Gate  
  22  2:19  Shield Battery  
  22  2:30  Stalker  
  24  2:37  Assimilator  
  24  2:51  Photon Cannon  
  24  2:55  Photon Cannon  
  24  3:00  Pylon  
  24  3:08  Probe  
  25  3:25  Nexus  
  25  3:37  Twilight Council  
  25  3:44  Protoss Ground Weapons Level 1  
  24  4:02  Shield Battery  
  24  4:05  Stalker  
  20  4:36  Probe  
  20  4:37  Probe  
  21  4:45  Probe x2  
  24  4:53  Probe  
  24  4:55  Probe  
  26  5:02  Templar Archives  
  26  5:04  Probe  
  27  5:07  Probe  
  21  5:28  Photon Cannon  
  9  6:12  Probe  
  10  6:27  Probe  
  11  6:35  Probe  
  12  6:44  Probe  
  2  7:00  Probe  
  3  7:12  Probe  
  4  7:20  Psionic Storm  
  4  7:25  High Templar  
  6  7:58  Nexus, Probe  
  7  8:10  Probe  
  7  8:16  High Templar  
  10  8:26  Pylon  
  1  10:03  Probe  
  1  10:06  Probe  
  2  10:15  Probe  
Show
View Real Time Build Order
Export as new Build Order

Throwfordays Protoss 

Build Orders: Carriers 

Get SALT Encoding   

  12  0:01  Probe  
  13  0:14  Probe  
  14  0:25  Pylon  
  14  0:26  Probe  
  15  0:44  Forge  
  15  0:46  Probe  
  16  0:52  Gateway  
  16  0:57  Assimilator  
  16  1:11  Assimilator  
  16  1:18  Photon Cannon  
  16  1:28  Photon Cannon  
  16  1:35  Probe  
  17  1:48  Cybernetics Core, Probe  
  18  1:55  Pylon  
  18  2:00  Probe  
  19  2:11  Probe  
  20  2:19  Probe  
  20  2:28  Probe  
  22  2:40  Probe  
  23  2:47  Nexus  
  23  3:08  Stargate  
  23  3:14  Stargate  
  23  3:21  Pylon  
  23  3:41  Photon Cannon  
  23  3:44  Photon Cannon  
  23  3:51  Probe  
  23  3:54  Pylon  
  24  3:59  Probe  
  25  4:03  Probe  
  25  4:07  Probe  
  26  4:15  Probe x2  
  29  4:27  Probe  
  29  4:28  Probe  
  31  4:39  Probe  
  31  4:40  Photon Cannon, Probe  
  31  4:44  Photon Cannon  
  33  4:51  Photon Cannon, Probe  
  33  4:52  Probe  
  35  4:58  Photon Cannon  
  35  5:03  Assimilator  
  35  5:04  Probe  
  36  5:07  Probe  
  36  5:08  Assimilator  
  37  5:16  Probe  
  37  5:19  Probe  
  39  5:28  Void Ray  
  43  5:31  Void Ray  
  47  5:42  Fleet Beacon  
  47  5:48  Cybernetics Core  
  47  6:05  Nexus, Protoss Air Weapons Level 1  
  47  6:10  Pylon  
  47  6:12  Pylon  
  47  6:25  Assimilator  
  47  6:28  Probe  
  47  6:30  Assimilator, Probe  
  49  6:34  Photon Cannon  
  49  6:38  Photon Cannon  
  49  6:40  Probe  
  49  6:43  Probe  
  51  6:52  Probe  
  52  6:55  Probe  
  53  7:01  Protoss Shields Level 1  
  53  7:14  Probe  
  53  7:17  Protoss Air Armor Level 1  
  53  7:22  Probe x2  
  55  7:25  Probe  
  57  7:32  Probe  
  57  7:34  Stargate, Probe  
  59  7:37  Probe  
  59  7:38  Stargate  
  59  7:39  Carrier  
  66  7:44  Probe  
  66  7:46  Probe  
  66  7:49  Probe  
  66  7:50  Carrier  
  75  7:56  Probe  
  76  8:08  Probe  
  77  8:16  Protoss Air Weapons Level 2  
  83  8:20  Probe, Carrier  
  83  8:22  Twilight Council  
  84  8:32  Carrier, Probe  
  91  8:44  Photon Cannon, Probe  
  91  8:47  Photon Cannon  
  92  8:53  Probe  
  93  9:02  Pylon  
  91  9:06  Pylon, Probe  
  91  9:07  Pylon  
  66  9:20  Probe  
  67  9:32  Probe  
  67  9:34  Carrier x2  
  80  9:44  Probe  
  81  9:53  Nexus  
Show
View Real Time Build Order
Export as new Build Order

Faust Zerg 

Build Orders: Hatch First 

Get SALT Encoding   

  12  0:01  Drone  
  13  0:08  Drone  
  14  0:14  Extractor  
  14  0:15  Drone  
  15  0:24  Overlord  
  15  0:43  Drone x2  
  17  0:53  Hatchery  
  17  0:56  Drone  
  17  1:02  Drone  
  18  1:06  Extractor  
  18  1:07  Drone  
  18  1:20  Spawning Pool  
  18  1:23  Drone  
  18  1:32  Drone  
  19  1:54  Overlord  
  19  2:07  Metabolic Boost  
  19  2:08  Queen x2  
  19  2:09  Zergling x2  
  19  2:10  Zergling x2  
  25  2:16  Zergling x2  
  25  2:17  Zergling x2  
  25  2:20  Drone  
  28  2:23  Drone  
  29  2:30  Overlord  
  29  2:38  Drone  
  29  2:39  Drone  
  29  2:42  Overlord  
  31  2:51  Lair  
  31  3:08  Drone x4  
  31  3:10  Overlord  
  32  3:25  Zergling x4  
  32  3:26  Zergling x4  
  35  3:28  Spore Crawler  
  35  3:31  Spore Crawler  
  35  3:33  Drone x2  
  35  3:36  Zergling x2  
  35  3:38  Drone  
  37  3:46  Drone  
  37  3:47  Drone  
  39  3:53  Drone  
  39  3:55  Extractor  
  39  3:58  Drone x3  
  39  3:59  Drone  
  39  4:00  Drone  
  42  4:27  Zergling x2  
  42  4:28  Zergling x6  
  44  4:35  Drone x2  
  44  4:36  Zergling x2, Drone  
  44  4:37  Zergling x6  
  51  4:42  Infestation Pit  
  50  4:47  Baneling Nest  
  50  4:51  Zergling x6  
  52  4:58  Extractor  
  51  5:00  Drone x2  
  51  5:01  Overlord  
  51  5:02  Overlord  
  51  5:04  Drone  
  54  5:09  Extractor, Drone x3  
  54  5:10  Drone  
  57  5:34  Queen  
  59  5:39  Overlord  
  59  5:41  Evolution Chamber  
  58  5:47  Evolution Chamber, Hydralisk Den  
  58  5:49  Zergling x16  
  64  5:54  Baneling  
  64  5:55  Baneling x4  
  62  6:19  Drone x3  
  62  6:20  Drone x2  
  62  6:22  Zerg Melee Weapons Level 1, Zerg Ground Armor Level 1  
  62  6:24  Centrifical Hooks  
  57  6:55  Spire  
  57  6:58  Zergling x12  
  62  7:15  Drone x2  
  64  7:20  Drone  
  64  7:21  Hatchery  
  64  7:46  Overlord x2  
  64  7:47  Overlord x2  
  64  8:06  Corruptor x6  
  64  8:08  Zerg Flyer Weapons Level 1  
  64  8:09  Corruptor x3  
  64  8:10  Corruptor  
  64  8:12  Zergling x4  
  86  8:18  Extractor  
  85  8:23  Hive  
  85  8:34  Extractor  
  81  8:52  Corruptor x3  
  81  8:53  Corruptor x2  
  91  9:01  Baneling  
  91  9:02  Baneling x8  
  91  9:03  Drone  
  91  9:04  Drone  
  53  9:50  Zergling x2  
  53  9:51  Zergling x32  
  59  9:58  Drone  
Show
View Real Time Build Order
Export as new Build Order

conmartist Protoss - Winner!

Build Orders: Carriers, Carrier Rush 

Get SALT Encoding   

  12  0:01  Probe  
  13  0:13  Probe  
  14  0:20  Pylon  
  14  0:26  Probe  
  15  0:38  Probe  
  16  0:46  Gateway  
  16  0:52  Probe  
  16  0:54  Assimilator  
  17  0:58  Assimilator  
  17  1:00  Probe  
  17  1:10  Probe  
  19  1:27  Forge  
  19  1:36  Cybernetics Core  
  19  1:38  Probe  
  20  1:50  Probe  
  20  1:52  Pylon  
  21  2:09  Nexus  
  21  2:12  Probe  
  22  2:20  Probe  
  23  2:32  Stargate  
  23  2:57  Nexus  
  23  2:58  Probe  
  24  3:10  Probe  
  25  3:22  Fleet Beacon  
  25  3:24  Probe  
  26  3:32  Pylon  
  26  3:34  Probe  
  26  3:37  Probe  
  28  3:46  Probe  
  29  3:49  Probe  
  29  3:53  Photon Cannon  
  30  3:58  Probe  
  30  4:01  Probe  
  32  4:09  Carrier  
  32  4:10  Probe  
  32  4:13  Probe  
  34  4:22  Probe  
  34  4:24  Probe  
  42  4:29  Pylon  
  42  4:30  Probe  
  43  4:35  Assimilator  
  43  4:39  Assimilator, Probe  
  43  4:41  Probe  
  43  4:43  Probe  
  46  4:46  Protoss Air Weapons Level 1  
  46  4:51  Probe  
  47  4:53  Probe  
  47  4:55  Probe  
  49  5:02  Photon Cannon  
  49  5:04  Probe  
  49  5:05  Probe  
  51  5:07  Probe  
  52  5:16  Probe  
  52  5:19  Carrier  
  59  5:23  Probe  
  59  5:24  Probe  
  61  5:35  Stargate  
  61  5:38  Assimilator  
  61  5:42  Assimilator  
  61  5:45  Pylon  
  61  5:46  Pylon, Probe  
  61  5:47  Pylon  
  63  5:50  Probe  
  63  5:51  Probe  
  64  5:58  Probe  
  64  6:02  Probe  
  64  6:03  Probe  
  67  6:04  Stargate  
  67  6:06  Cybernetics Core  
  67  6:09  Twilight Council  
  67  6:13  Photon Cannon  
  67  6:15  Probe x2  
  67  6:16  Probe  
  70  6:21  Carrier  
  70  6:27  Probe x2  
  70  6:28  Probe  
  79  6:41  Carrier  
  85  6:51  Carrier  
  91  7:03  Probe x3  
  94  7:11  Stargate  
  94  7:13  Pylon x2  
  94  7:14  Pylon, Protoss Shields Level 1  
  94  7:15  Pylon, Probe x3  
  96  7:16  Protoss Air Armor Level 1  
  96  7:17  Protoss Air Weapons Level 2  
  97  7:31  Nexus  
  97  7:42  Carrier  
  103  7:51  Pylon  
  103  7:52  Carrier  
  103  7:54  Assimilator  
  103  7:58  Assimilator  
  109  8:08  Carrier  
  109  8:14  Photon Cannon, Carrier  
  121  8:33  Probe x2  
  123  8:34  Probe  
  124  8:46  Probe  
  125  8:49  Pylon x2  
  125  8:50  Pylon  
  125  8:51  Pylon  
  125  8:52  Pylon  
  125  8:58  Probe  
  125  9:02  Carrier x2  
  132  9:31  Void Ray  
  132  9:32  Void Ray  
  140  9:41  Probe x4  
  152  10:07  Pylon x2  
Show
View Real Time Build Order
Export as new Build Order

RLI Terran - Winner!

Build Orders: Reaper Expand 

Get SALT Encoding   

  12  0:02  SCV  
  13  0:14  SCV  
  14  0:18  Supply Depot  
  14  0:26  SCV  
  15  0:41  Barracks  
  15  0:43  Refinery  
  15  0:46  SCV  
  16  0:58  SCV  
  17  1:11  SCV  
  18  1:23  SCV  
  19  1:31  Reaper  
  20  1:35  Orbital Command  
  20  1:45  Command Center  
  20  1:54  Barracks  
  20  2:00  Refinery  
  20  2:06  Barracks Reactor  
  20  2:12  Supply Depot  
  20  2:18  SCV  
  21  2:31  SCV  
  21  2:42  Factory  
  21  2:43  Barracks Tech Lab  
  21  2:48  Marine x2  
  23  2:53  SCV  
  23  2:58  Orbital Command  
  24  3:05  SCV  
  24  3:06  Marine x2  
  24  3:11  Marine  
  28  3:19  SCV  
  29  3:27  Factory Reactor  
  29  3:31  SCV, Starport  
  29  3:32  Stimpack  
  30  3:35  Marine x2  
  30  3:37  Marine  
  33  3:46  Supply Depot  
  33  3:53  Marine x2, SCV x2  
  37  3:59  Marine  
  38  4:07  SCV x2  
  40  4:14  Factory Tech Lab  
  40  4:17  Marine x2  
  40  4:19  SCV, Medivac x2  
  47  4:26  Marine, SCV  
  49  4:31  SCV  
  49  4:34  Marine  
  51  4:38  Supply Depot  
  51  4:42  Barracks  
  51  4:44  Barracks  
  51  4:46  SCV, Barracks  
  52  4:59  SCV  
  53  5:04  SCV  
  53  5:06  Refinery  
  54  5:09  Refinery, Starport Reactor  
  54  5:10  Marine  
  54  5:11  Marine, SCV  
  54  5:12  Siege Tank  
  60  5:16  SCV  
  61  5:21  Marine  
  62  5:33  Barracks Reactor  
  62  5:34  Barracks Tech Lab  
  62  5:39  Supply Depot  
  62  5:40  Supply Depot  
  62  5:53  Marine  
  62  5:54  Marine  
  62  5:56  Marine  
  62  5:57  Marine  
  62  6:00  Siege Tank  
  62  6:03  Marine  
  62  6:05  Medivac  
  62  6:06  Medivac  
  62  6:07  SCV x2  
  62  6:11  Marine, Supply Depot  
  68  6:13  Marine, Supply Depot  
  68  6:15  Engineering Bay  
  68  6:16  Supply Depot, Engineering Bay  
  70  6:21  Marauder  
  70  6:24  Combat Shield  
  72  6:25  SCV  
  72  6:26  SCV  
  74  6:35  Marine x4  
  74  6:36  Marine x2  
  74  6:38  SCV x2  
  81  6:50  Marine x2  
  81  6:51  SCV x2  
  81  6:53  Marine  
  86  6:55  Supply Depot, Terran Infantry Weapons Level 1  
  84  7:03  SCV x2  
  84  7:08  Marauder  
  88  7:10  Marine x2  
  88  7:11  Marine  
  88  7:12  Marine  
  92  7:17  Medivac x2  
  92  7:20  Terran Infantry Armor Level 1  
  96  7:25  Command Center  
  96  7:26  SCV x2  
  98  7:33  Supply Depot  
  98  7:38  SCV x2  
  100  7:46  Marine x3  
  100  7:47  Medivac x2  
  100  7:50  SCV x2  
  109  7:52  Marine  
  109  7:53  Marine, Marauder  
  109  7:54  Marine  
  114  8:02  Marine, SCV  
  114  8:03  Marine  
  114  8:04  Marine, SCV  
  119  8:14  Marine x4, SCV  
  119  8:15  Marauder  
  126  8:24  Supply Depot  
  126  8:25  Supply Depot  
  126  8:26  Supply Depot  
  126  8:28  Supply Depot  
  126  8:36  Marine x5, SCV x2  
  126  8:40  Marine x2  
  126  8:41  Marine  
  136  8:47  Siege Tank  
  139  8:49  SCV  
  140  9:03  Marine x2  
  132  9:22  Marine x3  
  113  9:34  Marine x4  
  113  9:40  Marine x4  
  113  9:50  Medivac x2  
  113  9:55  Barracks  
  113  9:56  Supply Depot  
  113  9:57  Supply Depot x2, Barracks  
  113  9:58  Barracks  
  113  10:04  Armory  
  113  10:06  Marine x4  
  117  10:19  Marine x4  
  125  10:25  SCV x3  
  129  10:29  Refinery  
  129  10:30  Refinery, Supply Depot  
Show
View Real Time Build Order
Export as new Build Order

booyachaka Protoss - Winner!

Build Orders: Oracle Opening 

Get SALT Encoding   

  12  0:01  Probe  
  13  0:13  Probe  
  14  0:18  Pylon  
  14  0:25  Probe  
  15  0:36  Probe  
  15  0:37  Gateway  
  16  0:45  Probe  
  16  0:46  Assimilator  
  17  0:57  Assimilator  
  17  1:06  Probe  
  18  1:18  Zealot  
  17  1:26  Cybernetics Core  
  19  1:34  Assimilator, Probe  
  20  1:46  Probe  
  21  1:54  Pylon  
  22  2:08  Probe  
  22  2:18  Probe  
  22  2:19  Stargate  
  23  2:26  Probe  
  23  2:30  Adept  
  26  2:47  Nexus  
  26  2:49  Warp Gate  
  26  2:59  Oracle  
  26  3:01  Probe  
  30  3:34  Pylon  
  30  3:36  Probe  
  30  3:39  Gateway  
  31  3:50  Oracle  
  31  3:52  Stalker  
  31  3:53  Probe  
  37  4:05  Probe  
  37  4:18  Probe  
  36  4:30  Probe  
  35  4:34  Probe  
  36  4:42  Probe x2  
  36  4:45  Twilight Council  
  37  4:47  Forge  
  37  4:52  Probe  
  38  4:54  Probe  
  38  4:57  Stalker x2  
  44  5:04  Probe  
  44  5:06  Probe  
  46  5:16  Probe  
  46  5:18  Probe  
  48  5:28  Probe  
  48  5:30  Probe  
  50  5:40  Probe  
  50  5:42  Charge, Probe  
  52  5:45  Gateway  
  52  5:47  Forge  
  52  5:51  Assimilator  
  52  5:52  Probe  
  52  5:53  Pylon  
  52  5:54  Pylon, Probe  
  54  5:57  Assimilator  
  54  6:09  Probe  
  52  6:22  Robotics Facility  
  52  6:27  Photon Cannon  
  52  6:31  Probe  
  53  6:35  Photon Cannon  
  53  6:38  Protoss Ground Weapons Level 1  
  52  6:40  Zealot x3  
  52  6:43  Protoss Shields Level 1  
  52  6:58  Probe x2  
  54  7:08  Gateway  
  54  7:10  Probe  
  54  7:11  Gateway  
  54  7:14  Templar Archives  
  55  7:15  Gateway  
  55  7:24  Zealot  
  55  7:25  Zealot x2  
  61  7:30  Warp Prism  
  63  7:49  Nexus  
  63  7:51  Pylon  
  63  7:52  Pylon  
  63  7:57  Pylon  
  61  8:06  Psionic Storm  
  61  8:14  Gateway x2  
  61  8:16  Gateway  
  61  8:18  Gateway, Probe  
  61  8:19  Gateway  
  62  8:22  Pylon  
  62  8:24  Pylon  
  60  8:42  Probe  
  60  8:43  Probe  
  60  8:45  Zealot x4  
  62  8:55  Probe x2  
  64  9:05  Zealot  
  64  9:06  Zealot x4  
  64  9:07  Probe x2  
  76  9:14  Zealot x3  
  76  9:15  Zealot  
  84  9:28  Zealot  
  84  9:29  Zealot x3  
  84  9:30  Zealot  
  90  9:59  Zealot  
  86  10:00  Zealot x5  
  84  10:20  Probe x2  
  80  10:27  High Templar  
  80  10:28  High Templar x4  
  78  10:32  Archon x2  
  78  10:35  High Templar  
Tags
 
Add a new tag
Caveats
  • Supply blocks, unpowered buildings, or Contaminate may cause inaccurate times.
  • Supply counts are checked every 10 seconds.